cohdb
Replays
Latest Replays
All Replays
Popular Replays
Top Player Replays
Match Explorer
How It Works
Community
CoH3 Stats
Reddit
Sign in to upload your games and track your stats! →
Sign in with Steam
Match 45473712
Unlisted
Match 45473712
Overview
Messages
Build Orders
End
Engineer Squad
Construct Barracks
Riflemen Squad
1⁄4-ton 4x4 Truck
M1 Mortar Team
Selects Armored Battlegroup
Selects Veteran Crews
Riflemen Squad
Infantry Support Center
Construct Motor Pool
M8 Greyhound Armored Car
Riflemen Squad
Selects Fast Deploy
Construct Medical Station
M1 Anti-tank Gun Team
Selects M8 Scott SPG
M8 Scott SPG
M8 Scott SPG
Engineer Squad
Riflemen Squad
Mortar Pit
Construct Tank Depot
Mortar Pit
M1 Anti-tank Gun Team
Mortar Pit
Selects M4A3E8 Sherman Combat Group
M4A3E8 Sherman Combat Group
KevinTDW
DanceFKRdance
0
0
Comments
sign in to comment!
No comments posted yet!